Map: Backwater LE

Players

axu

  • Race: Protoss Protoss
  • League: Platinum
  • Spawn Location: 5:00

Sandra - Winner!

  • Race: Zerg Zerg
  • League: Platinum
  • Spawn Location: 11:00

VOD

Have the link to the VOD?

Description

Time

  • Played on: May 10, 2018, 12:40 p.m.
  • Length: 2:56
Show
View Real Time Build Order
Export as new Build Order

axu Protoss 

Build Orders: 1 Gate Expand 

Get SALT Encoding   

  12  0:01  Probe  
  13  0:13  Probe  
  14  0:22  Pylon  
  14  0:26  Probe  
  15  0:40  Probe  
  16  0:43  Gateway  
  16  0:50  Probe  
  16  0:52  Assimilator  
  17  0:58  Probe  
  18  1:12  Probe  
  19  1:26  Probe  
  20  1:34  Nexus  
  19  1:41  Cybernetics Core  
  19  1:43  Zealot  
  21  1:50  Probe  
  22  1:58  Gateway  
  22  2:21  Pylon  
  21  2:34  Pylon  
  21  2:36  Pylon  
Show
View Real Time Build Order
Export as new Build Order

Sandra Zerg - Winner!

Build Orders: Pool First 

Get SALT Encoding   

  12  0:01  Drone  
  13  0:13  Extractor  
  12  0:25  Spawning Pool  
  11  0:30  Drone  
  11  0:34  Drone  
  13  0:40  Drone  
  14  0:50  Overlord  
  14  1:16  Zergling x6  
  14  1:17  Metabolic Boost  
  17  1:27  Zergling x2  
  18  1:50  Zergling x4  
  18  1:53  Hatchery  
  19  1:59  Overlord  
  19  2:21  Zergling x4  
Tags
 
Add a new tag
Caveats
  • Supply blocks, unpowered buildings, or Contaminate may cause inaccurate times.
  • Supply counts are checked every 10 seconds.